 Dungeon Crawl Stone Soup version 0.24-a0-581-gc0fa6600bf (webtiles) character file.

Game seed: 18416649347095839140

6472 Peloso the Carver (level 10, -11/90 HPs)
             Began as a Minotaur Fighter on Aug 24, 2019.
             Was a High Priest of Okawaru.
             Killed from afar by a wretched star (15 damage)
             ... with an orb of energy
             ... on level 1 of the Abyss.
             The game lasted 00:15:44 (6628 turns).

Peloso the Carver (Minotaur Fighter)                Turns: 6628, Time: 00:15:44

Health: -11/90     AC: 11    Str: 22    XL:     10   Next: 68%
Magic:  9/9        EV:  7    Int:  1    God:    Okawaru [*****.]
Gold:   216        SH: 16    Dex: 17    Spells: 9/9 levels left

rFire    . . .     SeeInvis .   a - +0 long sword
rCold    . . .     Gourm    .   c - +0 shield
rNeg     . . .     Faith    .   G - +0 plate armour
rPois    .         Spirit   .   (helmet restricted)
rElec    .         Reflect  +   q - +0 cloak
rCorr    .         Harm     .   v - +0 pair of gloves
MR       .....                  (no boots)
Stlth    ..........             o - +3 amulet of reflection
HPRegen  0.25/turn              w - +5 ring of dexterity
MPRegen  0.11/turn              (no ring)

@: no status effects
A: retaliatory headbutt, horns 2, [deformed body], [dopey 2]
a: Heroism, Finesse, Renounce Religion


You were on level 1 of the Abyss.
You worshipped Okawaru.
Okawaru was extremely pleased with you.
You were not hungry.

You visited 2 branches of the dungeon, and saw 9 of its levels.
You visited the Abyss 1 time.

You collected 531 gold pieces.
You spent 315 gold pieces at shops.

Inventory:

Hand Weapons
 a - a +0 long sword (weapon)
Armour
 b - a +0 chain mail
 c - a +0 shield (worn)
 q - a +0 cloak (worn)
 v - a +0 pair of gloves (worn)
 G - a +0 plate armour (worn)
Jewellery
 k - an uncursed amulet of guardian spirit
 o - a +3 amulet of reflection (around neck)
 w - a +5 ring of dexterity (left hand)
Wands
 i - a wand of random effects (17)
 x - a wand of disintegration (16)
 E - a wand of paralysis (11)
Scrolls
 g - a scroll of teleportation
 h - a scroll of identify
 j - 2 scrolls of magic mapping
 l - 3 scrolls of fog
 p - 6 scrolls of remove curse
 t - 2 scrolls of enchant armour
 y - a scroll of blinking
 A - a scroll of enchant weapon
 D - a scroll of fear
Potions
 d - 2 potions of might
 e - 4 potions of flight
 n - 7 potions of curing
 s - 2 potions of agility
 u - 2 potions of brilliance
 z - 2 potions of cancellation
 B - a potion of mutation
 F - a potion of magic {unknown}
Comestibles
 f - 18 rations


   Skills:
 + Level 8.8 Fighting
 + Level 11.5 Long Blades
 + Level 9.0 Armour
 + Level 3.1 Dodging
 + Level 1.5 Stealth
 + Level 10.5 Shields
 + Level 0.5 Invocations


You had 9 spell levels left.
You didn't know any spells.
Your spell library contained the following spells:

 Spells                   Type           Power        Failure   Level  Hunger
 Animate Skeleton         Necr           N/A          100%        1    ##.....
 Apportation              Tloc           #.....       100%        1    ##.....
 Confusing Touch          Hex            #.....       100%        1    ##.....
 Summon Small Mammal      Summ           #...         100%        1    ##.....


Dungeon Overview and Level Annotations

Branches:
Dungeon (8/15)             Temple (1/1) D:4
   Lair: D:8-11

Altars:
Ashenzari
Cheibriados
Dithmenos
Elyvilon
Fedhas
Gozag
Hepliaklqana
Kikubaaqudgha
Okawaru
Qazlal
Ru
Sif Muna
Trog
Uskayaw
Wu Jian
The Shining One

Shops:
D:7 ?


Innate Abilities, Weirdness & Mutations

You reflexively headbutt those who attack you in melee.
You have a pair of horns on your head.
[Armour fits poorly on your strangely shaped body.]
[You are very dopey. (Int -4)]


Message History

You slash the wretched star!
The wretched star is moderately damaged.
You block the wight's attack.
Unknown command.
You hit the wretched star but do no damage.
You headbutt the wretched star.
The wretched star is heavily damaged.
The wretched star pulses with an eldritch light!
Your body twists and deforms.
The wight hits you but does no damage.
You hit the wretched star. You headbutt the wretched star!
The wretched star is heavily damaged.
A wight comes into view. It is wielding a +0 mace.
The wight barely misses you.
Unknown command.
You closely miss the wretched star.
The wretched star is heavily damaged.
The wretched star glows turbulently.
The orb of energy hits you!
You die...

..≈≈ #.# ## ##
#.≈≈≈.. .# .. ##.##
.≈≈≈♣#####.. .# .. .
.#..##...#..
..............#..#.
#
.#.#.#..##........#
#.#. ##.
###.#.##..##....#
#...... #..#..#....#
####...#.. .#...@.#
.# .##..###.#...#*#
..............###.z#
.#.#..#....#... .#zz
# .... #.##.. #
.#... ##.... ..##..
.. .... .##.#.#.....
#. ##. # # # ..# # #
# ##...


You could see a wretched star and 3 wights.

Vanquished Creatures
  Gastronok (D:8)
  A large abomination (Abyss:1)
  An orange demon (Abyss:1)
  Psyche (D:8)
  Grinder (D:5)
  Grum (D:8)
  A hungry ghost (D:8)
  2 small abominations (Abyss:1)
  A sky beast (D:6)
  An orc warrior (D:8)
  2 phantoms
  3 ice beasts
  3 wolves
  2 ogres (D:7)
  4 centaurs
  5 bullfrogs
  2 scorpions
  2 centaur zombies
  2 crimson imps (D:7)
  A hound (D:7)
  2 centaur skeletons
  Crazy Yiuf (D:5)
  A gnoll shaman (D:6)
  2 orc priests
  2 jellies
  2 iguanas
  5 orc wizards
  9 worker ants
  A hound zombie (D:6)
  A worker ant zombie (D:5)
  14 gnolls
  16 adders
  2 shadow imps
  A white imp (Abyss:1)
  2 oozes
  5 adder skeletons
  An adder zombie (D:8)
  4 worms
  4 dart slugs
  6 leopard geckos
  32 orcs
  2 giant cockroaches
  6 goblins
  5 hobgoblins
  6 kobolds
  4 quokkas
  3 ball pythons
  6 bats
  5 frilled lizards
  A quokka skeleton (D:6)
  2 rats
190 creatures vanquished.

Vanquished Creatures (others)
  A lurking horror (Abyss:1)
  3 starspawn tentacles (Abyss:1)
4 creatures vanquished.

Grand Total: 194 creatures vanquished

Notes
Turn   | Place    | Note
-------+----------+-------------------------------------------
     0 | D:1      | Peloso the Minotaur Fighter began the quest for the Orb.
     0 | D:1      | Reached XP level 1. HP: 19/19 MP: 0/0
    95 | D:1      | Reached XP level 2. HP: 25/27 MP: 1/1
   341 | D:1      | Reached XP level 3. HP: 31/33 MP: 2/2
   612 | D:1      | Reached skill level 3 in Long Blades
   967 | D:2      | Reached XP level 4. HP: 35/40 MP: 3/3
  1072 | D:2      | Found a blossoming altar of Fedhas.
  1485 | D:3      | Noticed an ice beast
  1495 | D:3      | Killed an ice beast
  1495 | D:3      | Reached skill level 4 in Long Blades
  1495 | D:3      | Reached skill level 5 in Armour
  1495 | D:3      | Reached XP level 5. HP: 46/47 MP: 4/4
  1561 | D:3      | Found a faded altar of an unknown god.
  1764 | D:3      | Reached XP level 6. HP: 53/53 MP: 5/5
  2439 | D:4      | Reached skill level 5 in Shields
  2447 | D:4      | Reached skill level 5 in Long Blades
  2729 | D:4      | Reached skill level 5 in Fighting
  2747 | D:4      | Found a staircase to the Ecumenical Temple.
  3216 | D:5      | Entered Level 5 of the Dungeon
  3240 | D:5      | Reached XP level 7. HP: 61/61 MP: 6/6
  3349 | D:5      | Noticed Grinder
  3364 | D:5      | Paralysed by Grinder for 2 turns
  3378 | D:5      | Paralysed by Grinder for 6 turns
  3395 | D:5      | Killed Grinder
  3395 | D:5      | Reached skill level 6 in Long Blades
  3395 | D:5      | Reached skill level 1 in Dodging
  3739 | D:5      | Found a blossoming altar of Fedhas.
  3919 | D:5      | Found a runed translucent door.
  3920 | D:5      | Noticed Crazy Yiuf
  4107 | D:5      | Killed Crazy Yiuf
  4213 | D:6      | Reached skill level 7 in Long Blades
  4241 | D:6      | Reached XP level 8. HP: 54/70 MP: 7/7
  4366 | D:6      | Got a twisted dagger
  4367 | D:6      | Identified the cursed +0 dagger of the Hells {drain, MP+9
                  | Stlth+} (You found it on level 6 of the Dungeon)
  4785 | D:6      | Reached skill level 8 in Long Blades
  5029 | Temple   | Entered the Ecumenical Temple
  5062 | Temple   | Became a worshipper of Warmaster Okawaru
  5167 | D:7      | Found Izeveth's Magic Scroll Shop.
  5183 | D:7      | Bought a scroll of fear for 49 gold pieces
  5183 | D:7      | Bought a scroll of enchant armour for 105 gold pieces
  5183 | D:7      | Bought a scroll of blinking for 105 gold pieces
  5183 | D:7      | Bought a scroll of identify for 28 gold pieces
  5183 | D:7      | Bought a scroll of identify for 28 gold pieces
  5258 | D:7      | Reached XP level 9. HP: 78/78 MP: 8/8
  5505 | D:7      | Reached skill level 9 in Long Blades
  5544 | D:7      | Reached * piety under Okawaru
  5554 | D:7      | Reached skill level 1 in Stealth
  5777 | D:8      | Noticed Psyche
  5789 | D:8      | Killed Psyche
  5789 | D:8      | Reached skill level 10 in Long Blades
  5831 | D:8      | Noticed Grum
  5833 | D:8      | Noticed Gastronok
  6148 | D:8      | Killed Grum
  6161 | D:8      | Killed Gastronok
  6161 | D:8      | Reached ** piety under Okawaru
  6161 | D:8      | Reached *** piety under Okawaru
  6161 | D:8      | Reached **** piety under Okawaru
  6161 | D:8      | Reached skill level 11 in Long Blades
  6161 | D:8      | Reached skill level 10 in Shields
  6161 | D:8      | Reached XP level 10. HP: 88/88 MP: 7/9
  6363 | D:8      | Cast into level 1 of the Abyss (gnoll)
  6363 | Abyss:1  | Found a corrupted altar of Lugonu.
  6423 | Abyss:1  | Noticed a large abomination
  6441 | Abyss:1  | Killed a large abomination
  6461 | Abyss:1  | Noticed a tentacled starspawn
  6473 | Abyss:1  | Noticed a rust devil
  6518 | Abyss:1  | Noticed an orange demon
  6531 | Abyss:1  | Killed an orange demon
  6531 | Abyss:1  | Reached ***** piety under Okawaru
  6556 | Abyss:1  | HP: 1/90 [blink frog (10)]
  6593 | Abyss:1  | Noticed a rakshasa
  6618 | Abyss:1  | Noticed a wretched star
  6622 | Abyss:1  | HP: 3/90 [wretched star/orb of energy (19)]
  6628 | Abyss:1  | Killed from afar by a wretched star

Levels and vault maps discovered:
D:1:      kilobyte_arrival_exit_the_forest, layout_basic
D:2:      layout_loops_ring, lemuel_tele_altar
D:3:      layout_basic, chequers_ecumenical_altar_simple
D:4:      layout_basic, minmay_temple_entry_purple_smoke, first_ration
D:5:      layout_cave_pools, fedhas_altar_3, uniq_grinder,
          uniq_crazy_yiuf_cottage
D:6:      layout_cave_pods
D:7:      layout_rooms, serial_shops, shop
D:8:      layout_basic, uniq_gastronok, uniq_grum, uniq_psyche
Temple:   nicolae_temple_the_god_donut
Abyss:1:  minivault_20, small_statue_intersection

Skill      XL: |  1  2  3  4  5  6  7  8  9 10 |
---------------+-------------------------------+-----
Armour         | 4 5 6 7 8 9 |  9.0
Fighting       | 4 5 6 8 |  8.8
Shields        | 4 5 6 8 10 | 10.5
Long Blades    | 3 4 5 7 8 11 | 11.5
Dodging        | 1 2 3 |  3.1
Stealth        | 1 |  1.5
Invocations    | |  0.5

Action                   |  1- 3 |  4- 6 |  7- 9 | 10-12 || total
-------------------------+-------+-------+-------+-------++-------
Melee: Long sword        |    72 |   179 |   312 |    95 ||   658
       Headbutt          |    15 |    36 |    94 |    31 ||   176
       Dagger            |       |       |     5 |       ||     5
Invok: Heroism           |       |       |     1 |     2 ||     3
  Use: Scroll            |       |       |    14 |     5 ||    19
       Potion            |       |       |     1 |     7 ||     8
  Eat: Chunk             |       |     8 |     9 |     2 ||    19
Armor: Chain mail        |    34 |   110 |    97 |       ||   241
       Plate armour      |       |       |    13 |    28 ||    41
Dodge: Dodged            |    14 |    45 |    61 |    21 ||   141
Block: Shield            |    38 |   105 |   247 |    86 ||   476
       Reflection        |       |       |     6 |     5 ||    11
       Rpst.: Long sword |     5 |    12 |    18 |     6 ||    41

Table legend:
 A = Non-vault XP
 B = Vault XP
 C = Vault XP percentage of total XP
 D = Non-vault monster count
 E = Vault monster count
 F = Vault count percentage of total count
                 A         B        C        D         E       F
            +---------+---------+-------+---------+---------+-------
      Total |    5677 |    3570 |  38.6 |     182 |       8 |   4.2
            +---------+---------+-------+---------+---------+-------
        D:1 |      51 |       0 |   0.0 |      19 |       0 |   0.0
        D:2 |      95 |       0 |   0.0 |      19 |       0 |   0.0
        D:3 |     263 |       0 |   0.0 |      25 |       0 |   0.0
        D:4 |     250 |       0 |   0.0 |      28 |       0 |   0.0
        D:5 |     289 |     327 |  53.1 |      16 |       2 |  11.1
        D:6 |    1029 |       0 |   0.0 |      24 |       0 |   0.0
        D:7 |    1354 |     116 |   7.9 |      16 |       1 |   5.9
        D:8 |    1162 |    3127 |  72.9 |      30 |       5 |  14.3
    Abyss:1 |    1184 |       0 |   0.0 |       5 |       0 |   0.0
            +---------+---------+-------+---------+---------+-------
